 Dungeon Crawl Stone Soup version 0.17-a0-1741-gd5e8965 (webtiles) character file.

664 shakdrar the Covert (level 7, -5/46 HPs)
             Began as an Octopode Assassin on Aug 31, 2015.
             Killed from afar by Duvessa (7 damage)
             ... with a wand of flame
             ... on level 4 of the Dungeon.
             The game lasted 00:16:35 (4000 turns).

shakdrar the Covert (Octopode Assassin)             Turns: 4000, Time: 00:16:35

Health: -5/46      AC:  4    Str: 11    XL:     7   Next: 57%
Magic:  7/7        EV: 14    Int: 13    God:
Gold:   166        SH:  0    Dex: 15    Spells: 0 memorised, 6 levels left

rFire  . . .     SeeInvis .     h - +2 short sword (venom)
rCold  . . .     Clarity  .     (no shield)
rNeg   . . .     SustAt   .     (helmet restricted)
rPois  .         Gourm    .     (no amulet)
rElec  .         Spirit   .     f - +3 ring of protection
rCorr  .         Warding  .     (no ring)
rMut   .         Stasis   .     (no ring)
MR     .....                    (no ring)
Stlth  ++++++....               (no ring)
                                (no ring)
                                (no ring)
                                (no ring)

@: not resistant to hostile enchantments, very stealthy
A: almost no armour, amphibious, 8 rings, constrict 8, camouflage 1, gelatinous
body 1
a: no special abilities


You were on level 4 of the Dungeon.
You were not hungry.

You visited 1 branch of the dungeon, and saw 4 of its levels.

You collected 166 gold pieces.

Inventory:

Hand weapons
 a - a +3 dagger
 b - a +0 blowgun
 h - a +2 short sword of venom (weapon)
 k - a +0 vampiric dagger
 n - a +1 dagger of speed
Missiles
 c - 8 poisoned needles
 d - 2 curare-tipped needles
 s - 8 javelins (quivered)
Jewellery
 f - a +3 ring of protection (left tentacle)
Magical devices
 q - a wand of magic darts (16)
Scrolls
 g - 2 scrolls of magic mapping
 i - 2 scrolls of teleportation
 j - 2 scrolls of identify
 r - a scroll of remove curse
Potions
 m - a potion of brilliance
 p - a potion of lignification {unknown}
 t - a potion of might
Comestibles
 e - 2 bread rations
 o - a meat ration


   Skills:
 + Level 3.1 Fighting
 + Level 3.0 Short Blades
 + Level 2.1 Throwing
 + Level 3.8 Dodging
 + Level 10.1 Stealth


You had 6 spell levels left.
You didn't know any spells.

Dungeon Overview and Level Annotations

Branches:
Dungeon (4/15)
 Temple: D:4-7

Altars:
Dithmenos

Annotations:
D:4 Dowan, Duvessa


Innate Abilities, Weirdness & Mutations

You cannot wear most types of armour.
You are amphibious.
You can wear up to eight rings at the same time.
You can use your tentacles to constrict eight enemies at once.
Your skin changes colour to match your surroundings (Stealth).
Your rubbery body absorbs attacks (AC +1).


Message History

You constrict Duvessa, but do no damage.
Duvessa hits you with a short sword of venom!
* * * LOW HITPOINT WARNING * * *
You are poisoned.
Drink which item? (? for menu, Esc to quit)
You feel better.
You constrict Duvessa.
Duvessa says, "My weaknesses are his strengths!"
Duvessa zaps a wand.
The puff of flame hits you!
* * * LOW HITPOINT WARNING * * *
Dowan casts a spell at you. You resist with some effort.
You release your grip on Duvessa.
Duvessa zaps a wand.
The puff of flame hits you!
* * * LOW HITPOINT WARNING * * *
Dowan smirks and points a slender finger.
Dowan gestures wildly while chanting.
Dowan blinks!
Duvessa zaps a wand.
The puff of flame misses you.
Duvessa zaps a wand.
The puff of flame hits you!
You die...

####.......# #..........#
####......###.## #..........#
###..........##..###..........#
##..............e.)..............
#...........#e#####.###.......#..
#..........#.### #.###..........
#..........[..###.#...###..####
#..............##e#.####..#####
#....<........@##..............
##[...........[............####
#...................[......##..
#...............###...........#
#...............###........####
#.....................e....# #
##............#..#.....###### ##
##.........#...#.............###.
...........##...........###......


You could see Duvessa.

Vanquished Creatures
  Grinder (D:3)
  An ogre (D:4)
  The ghost of lauthentik the Sneak, an average HEEn (D:3)
  An orc wizard (D:3)
  Ijyb (D:3)
  A centaur skeleton (D:3)
  2 worker ants (D:4)
  4 gnolls (D:3)
  5 adders
  An adder skeleton (D:4)
  2 worms (D:4)
  A giant gecko (D:4)
  7 orcs
  5 giant cockroaches
  8 hobgoblins
  21 jackals
  11 kobolds
  4 bats
  5 giant newts
  7 goblins
  11 rats
100 creatures vanquished.

Notes
Turn   | Place    | Note
--------------------------------------------------------------
     0 | D:1      | shakdrar the Octopode Assassin began the quest for the Orb.
     0 | D:1      | Reached XP level 1. HP: 14/14 MP: 1/1
    74 | D:1      | Reached XP level 2. HP: 17/19 MP: 2/2
    78 | D:1      | Reached skill level 6 in Stealth
   502 | D:1      | Reached XP level 3. HP: 17/24 MP: 3/3
  1175 | D:2      | Reached skill level 7 in Stealth
  1209 | D:2      | Found a faded altar to an unknown god.
  1334 | D:2      | Reached XP level 4. HP: 29/29 MP: 4/4
  2074 | D:3      | Reached XP level 5. HP: 29/34 MP: 5/5
  2158 | D:3      | Reached skill level 8 in Stealth
  2197 | D:3      | Noticed lauthentik's ghost (average HEEn)
  2352 | D:3      | Found a shadowy altar of Dithmenos.
  2549 | D:3      | Noticed Grinder
  2569 | D:3      | Killed lauthentik's ghost
  2569 | D:3      | Reached XP level 6. HP: 14/41 MP: 6/6
  3048 | D:3      | Killed Grinder
  3048 | D:3      | Reached skill level 9 in Stealth
  3048 | D:3      | Reached XP level 7. HP: 19/46 MP: 7/7
  3237 | D:3      | Noticed Ijyb
  3239 | D:3      | Killed Ijyb
  3312 | D:4      | Noticed Dowan
  3315 | D:4      | Noticed Duvessa
  3913 | D:4      | Reached skill level 10 in Stealth
  3994 | D:4      | HP: 1/46 [Duvessa/wand of flame (10)]
  4000 | D:4      | Killed from afar by Duvessa

Vault maps used:
D:1:      denvon_arrival_planthouse
D:2:      first_bread, ecumenical_altar_2, item_on_display_a
D:3:      grunt_dithmenos_smoke_and_mirrors, uniq_grinder, uniq_iyjb
D:4:      uniq_duvessa

Action                   |  1- 3 |  4- 6 |  7- 9 || total
-------------------------+-------+-------+-------++-------
Melee: Dagger            |    46 |       |       ||    46
       Short sword       |    25 |    91 |    33 ||   149
  Use: Potion            |     8 |     3 |     1 ||    12
       Scroll            |     5 |     4 |     2 ||    11
 Stab: Sleeping          |    14 |    12 |     1 ||    27
       Distracted        |       |     2 |     3 ||     5
  Eat: Meat ration       |     1 |       |       ||     1
       Bread ration      |       |     1 |       ||     1
